 Dungeon Crawl Stone Soup version 0.22.1-6-g1668fe2 (webtiles) character file.

886 infcreate the Destroyer (level 7, -3/36 HPs)
             Began as a Deep Elf Conjurer on Jan 23, 2019.
             Shot with an arrow by a centaur (12 damage)
             ... on level 6 of the Dungeon.
             The game lasted 00:18:23 (4270 turns).

infcreate the Destroyer (Deep Elf Conjurer)         Turns: 4270, Time: 00:18:24

Health: -3/36      AC:  2    Str:  5    XL:     7   Next: 76%
Magic:  6/20       EV: 14    Int: 22    God:
Gold:   231        SH:  0    Dex: 20    Spells: 11/21 levels left

rFire    + . .     SeeInvis .   (no weapon)
rCold    . . .     Gourm    .   (no shield)
rNeg     . . .     Faith    .   a - +0 robe
rPois    .         Spirit   .   (no helmet)
rElec    .         Reflect  .   (no cloak)
rCorr    .         Harm     .   (no gloves)
MR       .....                  (no boots)
Stlth    +++.......             (no amulet)
HPRegen  0.12/turn              d - +5 ring of dexterity
MPRegen  0.17/turn              o - ring of protection from fire

@: very slightly contaminated
A: no striking features
a: no special abilities


You were on level 6 of the Dungeon.
You were hungry.

You visited 1 branch of the dungeon, and saw 7 of its levels.

You collected 231 gold pieces.

Inventory:

Armour
 a - a +0 robe (worn)
Jewellery
 d - a +5 ring of dexterity (left hand)
 h - an uncursed ring of resist corrosion
 o - a ring of protection from fire (right hand)
Scrolls
 b - a scroll of fear {unknown}
 e - a scroll of amnesia {unknown}
 g - 6 scrolls of identify {unknown}
 j - 3 scrolls of remove curse
 l - a scroll of enchant weapon {unknown}
Potions
 f - 2 potions of lignification
 i - 2 potions of might {unknown}
 k - 2 potions of heal wounds {unknown}
 m - a potion of ambrosia {unknown}
Comestibles
 c - 10 rations


   Skills:
 + Level 3.6 Dodging
 + Level 3.5 Stealth
 + Level 7.7 Spellcasting
 + Level 8.1 Conjurations


You had 11 spell levels left.
You knew the following spells:

 Your Spells              Type           Power        Failure   Level  Hunger
a - Magic Dart            Conj           ####         1%          1    None
b - Searing Ray           Conj           #####.       1%          2    None
c - Dazzling Spray        Conj/Hex       ####..       4%          3    None
d - Iskenderun's Mystic   Conj           #####...     2%          4    ###....

Your spell library contained the following spells:

 Spells                   Type           Power        Failure   Level  Hunger
 Stone Arrow              Conj/Erth      ####..       4%          3    None
 Sandblast                Erth           #.....       8%          1    None
 Passwall                 Tmut/Erth      #.......     12%         2    None
 Force Lance              Conj/Tloc      ####....     14%         4    ###....
 Fulminant Prism          Conj/Hex       ####......   14%         4    ###....
 Petrify                  Tmut/Erth      #.......     58%         4    ###....
 Lee's Rapid Deconstruct  Erth           #.........   91%         5    #####..


Dungeon Overview and Level Annotations

Branches:
Dungeon (7/15)
 Temple: D:4-7

Altars:
Dithmenos
Gozag
Nemelex Xobeh
Qazlal
Ru
Xom
Yredelemnul


Message History

The centaur is severely wounded.
The orb of energy explodes!
Casting: Iskenderun's Mystic Blast (safe; 2% risk of failure)
Confirm with . or Enter, or press ? or * to list all spells.
Aiming: Magic Dart (safe; 1% risk of failure)
Press: ? - help, Shift-Dir - straight line, f/p - centaur
Aim: a centaur, wielding an enchanted shortbow (severely wounded, blind, hasn't The magic dart hits the centaur.
The centaur is severely wounded.
The centaur is no longer blind.
The centaur shoots an arrow.
The arrow closely misses you.
The centaur shoots an arrow.
The arrow hits you!
The centaur shoots an arrow.
The arrow hits you.
You see here an arrow.
The centaur shoots an arrow.
The arrow barely misses you.
The centaur shoots an arrow.
The arrow hits you!
* * * LOW HITPOINT WARNING * * *
There is a stone staircase leading up here.
You see here an arrow.
The centaur shoots an arrow.
The arrow hits you!
You die...

. '## .. #########...#..
#..c...<....+.. ... ....
+...........#.###...###...
#.c.........#...#.⌠.#.....
#...........#..(#...#....
##c########...........#
#..(...@.......######'##
#(.......(.....#........
+..(...........#........
#..............#........
.........[......'.†######
.................#..#
....##+####+#######..##
.... h..............#
PPP............#


You could see a centaur.

Vanquished Creatures
  Prince Ribbit (D:7)
  A sky beast (D:7)
  A centaur (D:6)
  A bullfrog (D:7)
  A crimson imp (D:7)
  A centaur zombie (D:6)
  A hound (D:6)
  A jelly (D:6)
  2 orc priests (D:3)
  A centaur skeleton (D:6)
  Jessica (D:2)
  Natasha (twice) (D:2)
  A worker ant (D:7)
  The ghost of Turgon the Poker, a weakling DrSk (D:3)
  A howler monkey zombie (D:7)
  Robin (D:3)
  2 adders
  A shadow imp (D:7)
  3 worms
  7 leopard geckos
  3 orcs (D:3)
  3 bats
  3 giant cockroaches
  16 goblins
  7 hobgoblins
  2 jackals (D:1)
  2 quokkas
  A ball python (D:3)
  4 frilled lizards
  4 kobolds
  A quokka skeleton (D:7)
  A quokka zombie (D:6)
  4 rats
82 creatures vanquished.

Notes
Turn   | Place    | Note
-------+----------+-------------------------------------------
     0 | D:1      | infcreate the Deep Elf Conjurer began the quest for the
                  | Orb.
     0 | D:1      | Reached XP level 1. HP: 10/10 MP: 6/6
   221 | D:1      | Reached XP level 2. HP: 15/15 MP: 6/8
   225 | D:1      | Learned a level 2 spell: Searing Ray
   277 | D:1      | Reached skill level 5 in Conjurations
   540 | D:2      | Reached XP level 3. HP: 19/19 MP: 1/9
   545 | D:2      | Learned a level 3 spell: Dazzling Spray
   763 | D:2      | Noticed Natasha
   797 | D:2      | Killed Natasha
  1138 | D:2      | Noticed Jessica
  1141 | D:2      | Killed Jessica
  1141 | D:2      | Reached XP level 4. HP: 24/24 MP: 5/11
  1271 | D:2      | Learned a level 4 spell: Iskenderun's Mystic Blast
  1364 | D:2      | Found a sparkling altar of Nemelex Xobeh.
  1457 | D:2      | Found a stormy altar of Qazlal.
  1697 | D:3      | Reached skill level 6 in Conjurations
  1703 | D:3      | Found a large runed door.
  1704 | D:3      | Found a large runed door.
  1710 | D:3      | Noticed Turgon's ghost (weakling DrSk)
  1710 | D:3      | Noticed Robin
  1737 | D:2      | Noticed Natasha
  1741 | D:2      | Killed Natasha
  1790 | D:3      | Reached XP level 5. HP: 27/28 MP: 6/13
  2045 | D:3      | Killed Robin
  2455 | D:3      | Found a shadowy altar of Dithmenos.
  2582 | D:3      | Reached skill level 5 in Spellcasting
  2690 | D:3      | Killed Turgon's ghost
  2843 | D:4      | Found a shimmering altar of Xom.
  2846 | D:4      | Found a shimmering altar of Xom.
  2971 | D:4      | You fall through a shaft for 3 floors!
  2973 | D:7      | Found an opulent altar of Gozag.
  2996 | D:7      | Noticed a sky beast
  3020 | D:7      | Killed a sky beast
  3020 | D:7      | Reached skill level 7 in Conjurations
  3020 | D:7      | Reached XP level 6. HP: 32/32 MP: 1/16
  3443 | D:7      | Noticed Prince Ribbit
  3455 | D:7      | Killed Prince Ribbit
  3455 | D:7      | Reached XP level 7. HP: 36/36 MP: 2/19
  3984 | D:6      | Reached skill level 8 in Conjurations
  4075 | D:6      | Found a basalt altar of Yredelemnul.
  4239 | D:5      | Entered Level 5 of the Dungeon
  4242 | D:5      | Found a sacrificial altar of Ru.
  4270 | D:6      | Shot with an arrow by a centaur

Skill      XL: |  1  2  3  4  5  6  7 |
---------------+----------------------+-----
Conjurations   | 5 6 7 8 |  8.1
Dodging        | 3 |  3.6
Spellcasting   | 4 5 6 7 |  7.7
Stealth        | 3 |  3.5

Action                   |  1- 3 |  4- 6 |  7- 9 || total
-------------------------+-------+-------+-------++-------
Melee: Unarmed           |     1 |     1 |       ||     2
 Cast: Magic Dart        |    41 |    78 |    24 ||   143
       Searing Ray       |     2 |     5 |     4 ||    11
       Dazzling Spray    |     2 |     3 |     1 ||     6
       Iskenderun's Myst |       |    11 |     7 ||    18
  Use: Potion            |     1 |       |       ||     1
       Scroll            |       |     1 |       ||     1
  Eat: Chunk             |       |     9 |     3 ||    12
Armor: Robe              |     2 |     1 |     1 ||     4
Dodge: Dodged            |     5 |    17 |     9 ||    31
